 Dungeon Crawl Stone Soup version 0.28.0 (webtiles) character file.

Game seed: 8595642568217690413

165 browni3141 the Skirmisher (level 5, 0/47 HPs)
             Began as a Minotaur Berserker on Feb 15, 2022.
             Was a Believer of Trog.
             Slain by an orc wizard (1 damage)
             ... on level 2 of the Dungeon.
             The game lasted 00:00:52 (1902 turns).

browni3141 the Skirmisher (Minotaur Berserker)      Turns: 1902, Time: 00:00:53

Health: 0/47       AC:  2    Str: 23    XL:     5   Next: 22%
Magic:  4/4        EV: 12    Int:  4    God:    Trog [**....]
Gold:   84         SH:  0    Dex: 10    Spells: 4/4 levels left

rFire   . . .      SeeInvis .   a - +0 hand axe
rCold   . . .      Faith    .   (no shield)
rNeg    . . .      Spirit   .   b - +0 animal skin
rPois   .          Reflect  .   (helmet restricted)
rElec   .          Harm     .   (no cloak)
rCorr   .          Rampage  .   (no gloves)
Will    .....                   (no boots)
Stlth   +.........              (no amulet)
HPRegen 0.15/turn               (no ring)
MPRegen 0.09/turn               (no ring)

@: no status effects
A: horns 2, retaliatory headbutt
a: Renounce Religion, Berserk, Trog's Hand


You were on level 2 of the Dungeon.
You worshipped Trog.
Trog was pleased with you.
You visited 1 branch of the dungeon, and saw 2 of its levels.

You collected 84 gold pieces.

Inventory:

Hand Weapons
 a - a +0 hand axe (weapon)
Armour
 b - a +0 animal skin (worn)
Scrolls
 c - 3 scrolls of identify {unknown}
 f - a scroll of summoning {unknown}
 h - a scroll of teleportation {unknown}
 j - a scroll of fear {unknown}
Potions
 d - a potion of attraction {unknown}
 e - 2 potions of ambrosia {unknown}
 g - 2 potions of curing {unknown}
 i - a potion of degeneration {unknown}
 k - a potion of might {unknown}
 l - a potion of invisibility {unknown}


   Skills:
 + Level 4.7 Fighting
 + Level 4.7 Axes
 + Level 3.9 Armour
 + Level 3.5 Dodging


You had 4 spell levels left.
You didn't know any spells.
Your spell library was empty.

Dungeon Overview and Level Annotations

Branches:
Dungeon (2/15)

Altars:


Innate Abilities, Weirdness & Mutations

You have a pair of horns on your head.
You reflexively headbutt those who attack you in melee.


Message History

You hit the orc wizard.
The orc wizard is severely wounded.
The orc wizard gestures wildly while chanting.
The orc wizard flickers and vanishes!
Deactivating autopickup; reactivate with Ctrl-A.
You are too confused!
You bump into the rock wall.
Something hits you.
You are too confused!
You bump into the rock wall.
Something hits you.
You are too confused!
You are too confused!
You bump into the rock wall.
You hear some strange, mumbled words.
A puff of flame appears from out of thin air!
The puff of flame misses you.
You are too confused!
You hit something but do no damage. Your headbutt misses something.
Something hits you but does no damage.
You are too confused!
You closely miss something.
You hear some strange, mumbled words.
You are more confused.
You are too confused!
You bump into the rock wall.
Something hits you.
* * * LOW HITPOINT WARNING * * *
You barely miss something. Something hits you.
* * * LOW HITPOINT WARNING * * *
You are too injured to fight recklessly!
You bump into the rock wall.
Something hits you.
* * * LOW HITPOINT WARNING * * *
You bump into the rock wall.
You hear some strange, mumbled words.
A magic dart appears from out of thin air!
The magic dart hits you!
* * * LOW HITPOINT WARNING * * *
You're too confused to move!
Something completely misses you.
You miss something.
You feel less confused. Something hits you.
You die...

).......## )).......##### #.#
)÷...÷........ ..#
†.......########.# .#...####
#...#.# ## .##### #.≈.#.# .#
...§### #.≈.#.# .# ≈≈§...##
#.≈.#.######.#≈≈# ≈≈≈§≈..##
#.≈.#@)).....# ≈≈##
≈≈≈≈≈#..####...#{#####.## ≈≈≈#
§≈####§.†.###'##.# #.####≈.#
§≈#.#.#.....#.##.# #)...#≈.#
≈≈#..##≈.##...##>### #..####.#
≈≈#...#≈.##.####...# #..####.#
###.###≈.##.# #.#.# #.......#
.....#§§.##.####.#÷###..###.##
.#####§≈........÷)......##.#>##


There were no monsters in sight!

Vanquished Creatures
  A hound (D:2)
  An orc priest (D:2)
  Robin (D:2)
  3 adders (D:2)
  2 dart slugs
  2 orcs (D:2)
  4 endoplasms (D:1)
  4 hobgoblins
  9 jackals
  3 kobolds
  A quokka (D:1)
  5 ball pythons
  7 bats (D:1)
  3 frilled lizards (D:1)
  10 goblins (D:2)
  9 rats
65 creatures vanquished.

Notes
Turn   | Place    | Note
-------+----------+-------------------------------------------
     0 | D:1      | browni3141 the Minotaur Berserker began the quest for the
                  | Orb.
     0 | D:1      | Reached XP level 1. HP: 19/19 MP: 0/0
   327 | D:1      | Reached XP level 2. HP: 27/27 MP: 1/1
   607 | D:1      | Reached ** piety under Trog
   685 | D:1      | Reached XP level 3. HP: 33/33 MP: 2/2
  1050 | D:2      | Noticed Robin
  1058 | D:2      | HP: 1/49 [hobgoblin[Robin] (5)]
  1060 | D:2      | Killed Robin
  1207 | D:2      | Reached XP level 4. HP: 22/41 MP: 3/3
  1873 | D:2      | Reached XP level 5. HP: 47/47 MP: 4/4
  1900 | D:2      | HP: 1/47 [something/magic dart (9)]
  1902 | D:2      | Slain by an orc wizard

Illustrated notes

Levels and vault maps discovered:
D:1:      psy_arrival_terrarium, layout_loops_ring, minmay_rat_gold_closets
D:2:      layout_loops_ring, serial_rivers, chequers_serial_rivers_micro_b,
          chequers_serial_rivers_micro_e, chequers_serial_rivers_small_b,
          chequers_serial_rivers_large_b, grunt_decor_junction, dk_vineyard_2,
          uniq_robin

Skill      XL: |  1  2  3 |
---------------+----------+-----
Fighting       | 4 |  4.7
Axes           | 4 |  4.7
Armour         | 3 |  3.9
Dodging        | 3 |  3.5

Action                   |  1- 3 |  4- 6 || total
-------------------------+-------+-------++-------
Melee: Hand axe          |    66 |    47 ||   113
       Headbutt          |     7 |     4 ||    11
Invok: Berserk           |     1 |     1 ||     2
 Stab: Sleeping          |     1 |       ||     1
Armor: Animal skin       |    20 |     9 ||    29
Dodge: Dodged            |    57 |    30 ||    87
